 Dungeon Crawl Stone Soup version 0.27.1-33-g824d729ab1 (webtiles) character file.

Game seed: 1368484878918755291

102 sking99 the Chiller (level 4, 0/26 HPs)
             Began as a Gargoyle Ice Elementalist on Dec 8, 2021.
             Slain by a hound (5 damage)
             ... on level 4 of the Dungeon.
             The game lasted 00:05:22 (2884 turns).

sking99 the Chiller (Gargoyle Ice Elementalist)     Turns: 2884, Time: 00:05:23

Health: 0/26       AC:  5    Str: 13    XL:     4   Next: 78%
Magic:  8/8        EV: 11    Int: 15    God:
Gold:   87         SH:  0    Dex: 10    Spells: 4/8 levels left

rFire    . . .     SeeInvis .   b - +0 rapier
rCold    . . .     Faith    .   (no shield)
rNeg     + . .     Spirit   .   a - +0 robe
rPois    ∞         Reflect  .   (no helmet)
rElec    +         Harm     .   (no cloak)
rCorr    .         Rampage  .   (no gloves)
Will     .....                  (no boots)
Stlth    ++........             (no amulet)
HPRegen  0.08/turn              (no ring)
MPRegen  0.11/turn              (no ring)

@: no status effects
A: sickness immunity, AC +3, negative energy resistance 1, electricity
resistance, torment resistance 1, petrification resistance
a: no special abilities


You were on level 4 of the Dungeon.
You visited 1 branch of the dungeon, and saw 4 of its levels.

You collected 87 gold pieces.

Inventory:

Hand Weapons
 b - a +0 rapier (weapon)
Armour
 a - a +0 robe (worn)
Jewellery
 f - a +6 ring of strength
Scrolls
 d - a scroll of enchant armour
Potions
 e - 2 potions of curing
 h - a potion of brilliance
 i - a potion of heal wounds {unknown}


   Skills:
 + Level 2.1 Fighting
 - Level 1.5 Dodging
 - Level 2.1 Stealth
 + Level 2.7 Spellcasting
 * Level 5.1 Ice Magic


You had 4 spell levels left.
You knew the following spells:

 Your Spells              Type           Power      Damage    Failure   Level
a - Freeze                Ice            68%        1d8       2%          1
b - Frozen Ramparts       Ice            34%        1d5       8%          3

Your spell library contained the following spells:

 Spells                   Type           Power      Damage    Failure   Level
 Ozocubu's Armour         Ice            17%        N/A       8%          3
 Blink                    Tloc           N/A        N/A       30%         2
 Hailstorm                Conj/Ice       9%         3d4       56%         4
 Manifold Assault         Tloc           2%         N/A       99%         5
 Storm Form               Tmut/Air       1%         N/A       100%        7


Dungeon Overview and Level Annotations

Branches:
Dungeon (3/15)

Altars:


Innate Abilities, Weirdness & Mutations

You are immune to sickness and miasma.
Your stone body is resilient. (AC +3)
You are immune to poison.
You resist negative energy. (rN+)
You are resistant to electric shocks. (rElec)
You are resistant to unholy torment.
You are immune to petrification.


Message History

There is a stone staircase leading down here.
Found a leather armour.
Found a scroll labelled BUSSECRALOCI.
You fall into a shaft and drop 1 floor!
The shaft crumbles and collapses.
A ball python, a hound and a kobold brigand come into view.
The kobold brigand is wielding a +0 short sword and quivering poisoned darts.
The ball python hisses angrily.
Found a ring mail.
Okay, then.
As you read the scroll labelled WEICVU UTSUI, it crumbles to dust.
You feel aware of your surroundings.
You sensed 1 altar.
It was a scroll of magic mapping.
The kobold brigand shouts!
The hound stops to sniff the ground.
The kobold brigand throws a poisoned dart.
The poisoned dart hits you!
Found a stone staircase leading down.
The hound bites you.
The kobold brigand hits you with a +0 short sword!
The hound bites you.
Found 2 fizzy yellow potions.
Found a scroll labelled BUSSECRALOCI.
The hound bites you.
Found a pair of gloves and 3 large rocks.
The kobold brigand throws a poisoned dart.
The poisoned dart hits you! The hound bites you but does no damage.
The kobold brigand throws a poisoned dart.
The poisoned dart hits you!
The kobold brigand throws a poisoned dart.
The poisoned dart misses you.
Found a falchion.
The hound bites you. x2
* * * LOW HITPOINT WARNING * * *
The hound barely misses you.
Found a ring mail.
Found a stone staircase leading up.
The hound barely misses you. The hound bites you.
* * * LOW HITPOINT WARNING * * *
The hound bites you.
You die...

,,,,,,,,,,,*,,................#,,
,,,,,,,,,......[..............#,,
,,,,,,,,,..................##.#,,
,,,,,,,,,..............##..#..##,
,,,,,,,,,...............##.....#*
*,,,,,,,,.......,#.....##....##.#
,,,,**,,,.......####.#.......####
*,,,*,,,,#......#.##...........#*
,,,**,,*,**#...<@h...KS.##>...[..
,,,,,,,>,........)...#...........
,,,,,,**,.....####...#....?.....(
,,,,,,,*,....,,,#................
,,,,,,,*,...,,,,#................
,,,,,,,,,..,,,,..........##......
,,,,,,,,,.,,,,,..........#*......
,,*,,,,,,,,,,,.......###.#**,,,,,
*,,,,,,,,,,,,,,,,,,,,,,,,,,,,,,,*


You could see a kobold brigand, a hound and a ball python.

Vanquished Creatures
  2 orc wizards
  A worm (D:2)
  4 orcs
  6 ball pythons
  3 bats (D:1)
  4 endoplasms
  5 giant cockroaches
  3 goblins (D:1)
  5 hobgoblins
  2 jackals (D:1)
  2 kobolds (D:1)
  A quokka (D:1)
  A frilled lizard (D:1)
39 creatures vanquished.

Notes
Turn   | Place    | Note
-------+----------+-------------------------------------------
     0 | D:1      | sking99 the Gargoyle Ice Elementalist began the quest for
                  | the Orb.
     0 | D:1      | Reached XP level 1. HP: 10/10 MP: 3/3
   137 | D:1      | Reached XP level 2. HP: 13/16 MP: 0/5
   451 | D:1      | Reached skill level 1 in Fighting
   851 | D:1      | Found a faded altar of an unknown god.
   883 | D:1      | Reached XP level 3. HP: 19/20 MP: 4/6
  1451 | D:2      | Learned a level 3 spell: Frozen Ramparts
  2589 | D:2      | Reached XP level 4. HP: 18/26 MP: 2/7
  2758 | D:3      | Reached skill level 5 in Ice Magic
  2863 | D:3      | You fall into a shaft and drop 1 floor!
  2863 | D:4      | Noticed a kobold brigand
  2884 | D:4      | Slain by a hound

Illustrated notes

Levels and vault maps discovered:
D:1:      dpeg_arrival_leaves_temple_mockup, layout_rooms,
          hellmonk_ecumenical_altar_inner_sanctum, minmay_box_of_dots
D:2:      layout_basic
D:3:      layout_basic
D:4:      layout_cave_pools, lemuel_round_altar, uniq_ijyb

Skill      XL: |  1  2  3  4 |
---------------+-------------+-----
Fighting       | 1 2 |  2.1
Ice Magic      | 5 |  5.1
Dodging        | |  1.5
Stealth        | |  2.1
Spellcasting   | |  2.7

Action                   |  1- 3 |  4- 6 || total
-------------------------+-------+-------++-------
Melee: Unarmed           |     4 |       ||     4
       Rapier            |     4 |       ||     4
 Cast: Freeze            |    55 |     9 ||    64
  Use: Scroll            |     3 |     1 ||     4
Armor: Robe              |    20 |     1 ||    21
Dodge: Dodged            |    24 |     8 ||    32
